cohdb
Replays
Latest Replays
All Replays
Popular Replays
Top Player Replays
Match Explorer
How It Works
Community
CoH3 Stats
Reddit
Sign in to upload your games and track your stats! →
Sign in with Steam
Match 44487111
Unlisted
Match 44487111
Overview
Messages
Build Orders
End
Pioneer Squad
Construct Infanterie Kompanie
Selects Breakthrough Battlegroup
Selects Assault Grenadiers
Grenadier Squad
Grenadier Squad
Grenadier Squad
MG 42 Machine Gun Team
Construct Luftwaffe Kompanie
Selects Rapid Production
Selects Breakthrough
Flak 30 Anti-aircraft Gun Team
Medical Bunker
Jäger Squad
咚咚锵个腿
AlexStan
0
0
Comments
sign in to comment!
No comments posted yet!